 Dungeon Crawl Stone Soup version 0.17-a0-1882-g750edc8 (webtiles) character file.

420 barthelm the Skirmisher (level 6, -1/40 HPs)
             Began as a Gargoyle Berserker on Sept 22, 2015.
             Was a Priest of Trog.
             Slain by a worm (7 damage)
             ... on level 4 of the Dungeon.
             The game lasted 00:09:06 (2214 turns).

barthelm the Skirmisher (Gargoyle Berserker)        Turns: 2214, Time: 00:09:06

Health: -1/40      AC:  6    Str: 23    XL:     6   Next: 94%
Magic:  6/6        EV: 12    Int:  7    God:    Trog [***...]
Gold:   133        SH:  0    Dex:  9    Spells: 0 memorised, 5 levels left

rFire  . . .     SeeInvis .     d - +2 mace (crush)
rCold  . . .     Clarity  .     b - +0 animal skin
rNeg   + . .     SustAt   .     (no shield)
rPois  ∞         Gourm    .     (no helmet)
rElec  +         Spirit   .     (no cloak)
rCorr  .         Warding  .     (no gloves)
rMut   .         Stasis   .     (no boots)
MR     .....                    (no amulet)
Stlth  +.........               (no ring)
                                (no ring)

@: not resistant to hostile enchantments, very unstealthy
A: negative energy resistance 1, electricity resistance, unbreathing,
petrification resistance, rot immunity, AC +4
a: Burn Spellbooks, Berserk, Trog's Hand, Renounce Religion


You were on level 4 of the Dungeon.
You worshipped Trog.
Trog was most pleased with you.
You were hungry.

You visited 1 branch of the dungeon, and saw 4 of its levels.

You collected 133 gold pieces.

Inventory:

Hand weapons
 d - a +2 mace of crushing (weapon)
Missiles
 n - 2 tomahawks (quivered)
Armour
 b - a +0 animal skin (worn)
Jewellery
 g - a cursed amulet of inaccuracy {unknown}
 i - an uncursed ring of fire {unknown}
 m - a +2 ring of protection {unknown}
Scrolls
 a - 2 scrolls of remove curse {unknown}
 f - a scroll of teleportation {unknown}
 j - 3 scrolls of identify {unknown}
 p - a scroll of enchant armour {unknown}
Potions
 e - 2 potions of might {unknown}
 h - a potion of berserk rage {unknown}
 k - 2 potions of flight {unknown}
 o - a potion of curing {unknown}
 q - a potion of ambrosia {unknown}
Comestibles
 c - 2 bread rations
 l - 8 chunks of flesh


   Skills:
 + Level 4.9 Fighting
 + Level 4.8 Maces & Flails
 * Level 3.4 Armour
 + Level 3.6 Dodging


You had 5 spell levels left.
You didn't know any spells.

Dungeon Overview and Level Annotations

Branches:
Dungeon (4/15)
 Temple: D:4-7

Altars:
Cheibriados
Fedhas
Kikubaaqudgha
Okawaru
Sif Muna


Innate Abilities, Weirdness & Mutations

You are resistant to torment.
Your stone body is resilient (AC +4).
You are immune to poison.
You resist negative energy.
You are resistant to electric shocks.
You can survive without breathing.
You are immune to petrification.
You are immune to rotting.


Message History

You butcher the ogre corpse.
l - 8 chunks of flesh (gained 5)
You see here a giant club.
There isn't anything to butcher here.
There isn't anything to butcher here.
The worm bites you.
* * * LOW HITPOINT WARNING * * *
You hit the worm.
The worm is moderately wounded.
The worm bites you.
* * * LOW HITPOINT WARNING * * *
You hit the worm.
The worm is heavily wounded.
You hit the worm.
The worm is severely wounded.
The worm closely misses you.
You hit the worm.
The worm is almost dead.
The worm bites you!
You die...

.... ......#.#......
....##.!.....#.......
.#.... ..............
......##.............
#...............
####.#...#.........
#..Ow#...#.........
#w####...#.........
#.@................
###..#.##............
#.####.......)............
#.......)[...#........(...
........)..###.......###.#
..........## ##.......##.#
[.........# #.....<......
.#.......## #.......###..
#.......# #....^..# #


You could see a worm.

Vanquished Creatures
  2 ogres
  4 orc wizards (D:4)
  A worker ant (D:3)
  Robin (D:2)
  3 adders
  2 giant geckos (D:3)
  4 orcs
  A ball python (D:3)
  3 giant cockroaches
  18 goblins
  9 hobgoblins
  3 jackals (D:1)
  A quokka (D:3)
  8 bats
  A giant newt (D:1)
  6 kobolds
  6 rats
73 creatures vanquished.

Notes
Turn   | Place    | Note
--------------------------------------------------------------
     0 | D:1      | barthelm the Gargoyle Berserker began the quest for the Orb.
     0 | D:1      | Reached XP level 1. HP: 14/14 MP: 1/1
    53 | D:1      | Reached XP level 2. HP: 9/19 MP: 2/2
   775 | D:2      | Found a deep blue altar of Sif Muna.
   867 | D:2      | Reached XP level 3. HP: 24/24 MP: 3/3
   868 | D:2      | Noticed Robin
   869 | D:2      | Acquired Trog's second power
   877 | D:2      | Reached skill level 4 in Fighting
   881 | D:2      | Killed Robin
   918 | D:2      | Found an iron altar of Okawaru.
   990 | D:2      | Reached XP level 4. HP: 25/29 MP: 4/4
  1079 | D:2      | Noticed an ogre
  1087 | D:2      | Killed an ogre
  1087 | D:2      | Reached XP level 5. HP: 34/34 MP: 5/5
  1092 | D:2      | Found a snail-covered altar of Cheibriados.
  1432 | D:3      | Found a faded altar to an unknown god.
  1561 | D:3      | Found a blossoming altar of Fedhas.
  1567 | D:3      | Found an ancient bone altar of Kikubaaqudgha.
  2145 | D:4      | Reached XP level 6. HP: 39/39 MP: 6/6
  2158 | D:4      | Noticed an ogre
  2201 | D:4      | Killed an ogre
  2214 | D:4      | Slain by a worm

Vault maps used:
D:1:      dpeg_arrival_pits, serial_park_tiny_1, hangedman_glass_teeth
D:2:      cheibriados_altar_1, okawaru_trees_1, lemuel_crystal_altar, uniq_robin
D:3:      grunt_temple_overflow_growth_and_decay, ecumenical_altar_2,
          first_bread
D:4:      nicolae_overflow_hidden_temple, lemuel_round_altar, moated_statue,
          nicolae_ru_awakened_eye, uniq_pikel

Action                   |  1- 3 |  4- 6 || total
-------------------------+-------+-------++-------
Melee: Mace              |    68 |   102 ||   170
Invok: Berserk           |     2 |     3 ||     5
       Trog's Hand       |       |     1 ||     1
 Stab: Sleeping          |       |     1 ||     1
  Eat: Chunk             |     2 |     7 ||     9
